[Event "ESCC-50 2022"]
[Site "Lublin"]
[Date "2022.07.08"]
[Round "4.8"]
[White "Chlewinski, Artur"]
[Black "Baliuniene, Margarita"]
[Result "0-1"]
[ECO "B27"]
[WhiteElo "1417"]
[BlackElo "1935"]
[Annotator "NA RC"]
[PlyCount "72"]
[EventDate "2022.07.05"]
[EventType "swiss"]
[EventCountry "POL"]
[SourceTitle "playchess.com"]
[Source "ChessBase"]
[SourceQuality "1"]
[TimeControl "40/5400+30:1800+30"]

1. e4 c5 2. Nf3 g6 3. d4 cxd4 4. Nxd4 Bg7 5. c3 Nc6 6. Be3 Nf6 7. f3 O-O 8. Qd2 d5 9. Nxc6 bxc6 10. e5 Nd7 11. f4 e6 12. g3 c5 13. Be2 Qc7 14. O-O Bb7 15. Na3 a6 16. b4 f6 17. Bg4 Rfe8 18. exf6 Bxf6 19. Rad1 Rac8 20. Bf3 cxb4 21. cxb4 Bc3 22. Qd3 Bxb4 23. Rc1 Qa5 24. Nc4 Qxa2 25. Ne5 Nxe5 26. fxe5 Qa5 27. Qd4 Qb5 28. h4 a5 29. Kg2 Qd7 30. h5 Ba6 31. Rh1 Rxc1 32. Bxc1 Qg7 33. Rh4 Be7 34. Rg4 Rc8 35. Bb2 Rc2+ 36. Kh3 Bf1+ 0-1

[Event "ESCC-50 2022"]
[Site "Lublin"]
[Date "2022.07.08"]
[Round "4.9"]
[White "Warnk, Torsten"]
[Black "Leszner, Liliana"]
[Result "0-1"]
[ECO "A48"]
[WhiteElo "1763"]
[BlackElo "1872"]
[Annotator "NA RC"]
[PlyCount "82"]
[EventDate "2022.07.05"]
[EventType "swiss"]
[EventCountry "POL"]
[SourceTitle "playchess.com"]
[Source "ChessBase"]
[SourceQuality "1"]
[TimeControl "40/5400+30:1800+30"]

1. d4 Nf6 2. Nf3 g6 3. c4 Bg7 4. Bf4 O-O 5. e3 c5 6. Nc3 cxd4 7. Nxd4 d6 8. Bg5 Qa5 9. Bxf6 Bxf6 10. Rc1 Nc6 11. Nb3 Qd8 12. Bd3 Ne5 13. Be2 Bd7 14. O-O Rc8 15. Nd5 Bg7 16. Nd4 Nc6 17. Nxc6 bxc6 18. Nc3 Qa5 19. Qc2 Rb8 20. Rb1 Rb7 21. Bf3 Rfb8 22. Na4 Bf5 23. e4 Bd7 24. c5 Rb4 25. b3 d5 26. exd5 Bf5 27. Qe2 Bxb1 28. Rxb1 Qxa4 29. dxc6 Qa5 30. Qxe7 Bf8 31. Qd7 Rd8 32. c7 Rxd7 33. c8=Q Rc7 34. Qe8 Qxc5 35. Rd1 Rd4 36. Re1 Re7 37. Rxe7 Qxe7 38. Qb5 Rd2 39. g3 Qe1+ 40. Qf1 Qxf1+ 41. Kxf1 Rxa2 0-1

[Event "ESCC-50 2022"]
[Site "Lublin"]
[Date "2022.07.08"]
[Round "4.11"]
[White "Babijczuk, Wojciech"]
[Black "Chwalewski, Marek"]
[Result "0-1"]
[ECO "B01"]
[WhiteElo "1436"]
[BlackElo "1774"]
[Annotator "NA RC"]
[PlyCount "88"]
[EventDate "2022.07.05"]
[EventType "swiss"]
[EventCountry "POL"]
[SourceTitle "playchess.com"]
[Source "ChessBase"]
[SourceQuality "1"]
[TimeControl "40/5400+30:1800+30"]

1. e4 d5 2. exd5 Nf6 3. d4 Nxd5 4. Nf3 g6 5. Bc4 Bg7 6. c3 O-O 7. O-O c6 8. h3 Qc7 9. Re1 a5 10. a4 b6 11. Nbd2 Ba6 12. Bxa6 Nxa6 13. Nf1 e6 14. Ne3 Rfd8 15. Ng4 h5 16. Nge5 c5 17. Qe2 cxd4 18. Nxd4 Nc5 19. f4 Ne7 20. g4 hxg4 21. Qxg4 Nf5 22. Nxf5 exf5 23. Qg2 Re8 24. Be3 Bxe5 25. fxe5 Nd3 26. Bd4 Nxe1 27. Rxe1 Rad8 28. Kf2 Qc4 29. e6 Rxe6 30. Rxe6 Qxe6 31. Qg5 Rd5 32. Qh4 f6 33. Qxf6 Qxf6 34. Bxf6 Rd2+ 35. Ke3 Rxb2 36. Bd4 Kf7 37. h4 b5 38. axb5 Rxb5 39. Kd3 Ke6 40. c4 Rb3+ 41. Bc3 f4 42. Kc2 a4 43. Bd4 Rh3 44. c5 Kd5 0-1

[Event "ESCC-50 2022"]
[Site "Lublin"]
[Date "2022.07.09"]
[Round "5.1"]
[White "Tereladze, Sopiko"]
[Black "Klimaszewski, Dariusz"]
[Result "1/2-1/2"]
[ECO "B30"]
[WhiteElo "2141"]
[BlackElo "2152"]
[Annotator "RC"]
[PlyCount "38"]
[EventDate "2022.07.05"]
[EventType "swiss"]
[EventCountry "POL"]
[SourceTitle "playchess.com"]
[Source "ChessBase"]
[SourceQuality "1"]
[TimeControl "40/5400+30:1800+30"]

1. e4 c5 2. Nf3 Nc6 3. g3 g6 4. Bg2 Bg7 5. O-O d6 6. Qe2 e5 7. c3 Nge7 8. Na3 O-O 9. b3 a6 10. Bb2 b5 11. Nc2 Bg4 12. h3 Bxf3 13. Bxf3 Qb6 14. Rad1 a5 15. d4 cxd4 16. cxd4 Nb4 17. dxe5 dxe5 18. a3 Nxc2 19. Qxc2 Rac8 1/2-1/2

[Event "ESCC-50 2022"]
[Site "Lublin"]
[Date "2022.07.09"]
[Round "5.2"]
[White "Sielicki, Tomasz"]
[Black "Mrva, Martin"]
[Result "0-1"]
[ECO "C41"]
[WhiteElo "1967"]
[BlackElo "2385"]
[Annotator "RC"]
[PlyCount "68"]
[EventDate "2022.07.05"]
[EventType "swiss"]
[EventCountry "POL"]
[SourceTitle "playchess.com"]
[Source "ChessBase"]
[SourceQuality "1"]
[TimeControl "40/5400+30:1800+30"]

1. d4 d6 2. e4 Nf6 3. Nc3 e5 4. Nf3 Nbd7 5. g4 Nxg4 6. Rg1 Ngf6 7. Bc4 h6 8. Be3 c6 9. Qd3 b5 10. Bb3 a5 11. a4 b4 12. Qc4 d5 13. exd5 Nb6 14. Qxc6+ Bd7 15. Qb7 Rb8 16. Qa6 bxc3 17. bxc3 Qc7 18. Nxe5 Qxc3+ 19. Ke2 Bd6 20. Nc6 O-O 21. Nxb8 Rxb8 22. Qd3 Nbxd5 23. Qxc3 Nxc3+ 24. Kd3 Bb4 25. Bxh6 Bf5+ 26. Kd2 Ng4 27. Be3 Nxh2 28. Rg2 Nf3+ 29. Kc1 Bh3 30. Rg3 Ne2+ 31. Kd1 Nxg3 32. fxg3 Bg4 33. Kc1 Bc3 34. Rb1 Re8 0-1

[Event "ESCC-50 2022"]
[Site "Lublin"]
[Date "2022.07.09"]
[Round "5.3"]
[White "Lasinskas, Povilas"]
[Black "Druckenthaner, Andreas"]
[Result "0-1"]
[ECO "A83"]
[WhiteElo "2096"]
[BlackElo "2272"]
[Annotator "RC"]
[PlyCount "88"]
[EventDate "2022.07.05"]
[EventType "swiss"]
[EventCountry "POL"]
[SourceTitle "playchess.com"]
[Source "ChessBase"]
[SourceQuality "1"]
[TimeControl "40/5400+30:1800+30"]

1. d4 f5 2. e4 fxe4 3. Nc3 Nf6 4. Bg5 Nc6 5. d5 Ne5 6. Qd4 Nf7 7. f4 c6 8. O-O-O Qa5 9. Bxf6 gxf6 10. Qxe4 e6 11. dxe6 dxe6 12. Bc4 Nd6 13. Rxd6 Bxd6 14. Bxe6 Kd8 15. Bxc8 Rxc8 16. Nge2 Kc7 17. Qe6 f5 18. Rd1 Rhd8 19. g3 Bb4 20. Nd4 Bxc3 21. bxc3 Rd5 22. Rd3 Qxa2 23. Qf7+ Kb8 24. Re3 Rcd8 25. Re8 Qa1+ 26. Kd2 Qa5 27. Kd3 Rxe8 28. Qxe8+ Qd8 29. Qe6 c5 30. Kc4 Rd6 31. Qe5 cxd4 32. cxd4 a6 33. c3 Qb6 34. d5 Qc7+ 35. Kd4 b5 36. Qe8+ Ka7 37. Qg8 Rd8 38. Qe6 Qb6+ 39. Ke5 Qxe6+ 40. dxe6 a5 41. Kxf5 b4 42. cxb4 axb4 43. e7 Rb8 44. Ke6 b3 0-1

[Event "ESCC-50 2022"]
[Site "Lublin"]
[Date "2022.07.09"]
[Round "5.4"]
[White "Lilja, Richard"]
[Black "Garabetyan, Arno"]
[Result "1/2-1/2"]
[ECO "A03"]
[WhiteElo "2131"]
[BlackElo "2056"]
[Annotator "NA RC"]
[PlyCount "69"]
[EventDate "2022.07.05"]
[EventType "swiss"]
[EventCountry "POL"]
[SourceTitle "playchess.com"]
[Source "ChessBase"]
[SourceQuality "1"]
[TimeControl "40/5400+30:1800+30"]

1. f4 d5 2. Nf3 Nf6 3. e3 g6 4. Be2 Bg7 5. O-O O-O 6. d3 b6 7. a4 c5 8. Kh1 Bb7 9. Ne5 Nfd7 10. Nxd7 Nxd7 11. Nd2 e5 12. f5 Nf6 13. b3 e4 14. Bb2 exd3 15. Bxd3 Qe7 16. Qf3 d4 17. e4 gxf5 18. Qxf5 Rae8 19. Rae1 Bc8 20. Qg5 Ng4 21. Qxe7 Rxe7 22. h3 Ne5 23. Nc4 Nxc4 24. Bxc4 Be6 25. Bd3 Be5 26. Bc1 Kg7 27. Bf4 f6 28. Rf3 Bxf4 29. Rxf4 Bf7 30. g4 Bg6 31. Kg2 Rfe8 32. Kf3 Re5 33. a5 R8e7 34. axb6 axb6 35. Kg3 1/2-1/2

[Event "ESCC-50 2022"]
[Site "Lublin"]
[Date "2022.07.09"]
[Round "5.5"]
[White "Padrak, Rafal"]
[Black "Wielosz, Jaroslaw"]
[Result "1/2-1/2"]
[ECO "D80"]
[WhiteElo "2125"]
[BlackElo "1891"]
[Annotator "NA RC"]
[PlyCount "93"]
[EventDate "2022.07.05"]
[EventType "swiss"]
[EventCountry "POL"]
[SourceTitle "playchess.com"]
[Source "ChessBase"]
[SourceQuality "1"]
[TimeControl "40/5400+30:1800+30"]

1. d4 Nf6 2. c4 g6 3. Nc3 d5 4. Bg5 Ne4 5. Bh4 Nxc3 6. bxc3 dxc4 7. e3 Be6 8. Nf3 Bg7 9. Be2 O-O 10. O-O b5 11. a4 c6 12. h3 h6 13. Qc1 Nd7 14. Nd2 Nb6 15. Bf3 Nd5 16. Qa3 g5 17. Bg3 f5 18. axb5 cxb5 19. e4 fxe4 20. Bxe4 a5 21. Qc1 Kh8 22. Nf3 Bf5 23. Bxf5 Rxf5 24. Qc2 e6 25. Ne5 Kg8 26. Bh2 Qe8 27. h4 Bxe5 28. Bxe5 Nf4 29. Qe4 a4 30. hxg5 hxg5 31. g3 Nd3 32. g4 Rxe5 33. dxe5 Ra7 34. Ra2 Rh7 35. f3 Qf8 36. Qg6+ Kh8 37. Rh2 Qc5+ 38. Kh1 Rxh2+ 39. Kxh2 Qxe5+ 40. Kh1 Nf4 41. Qe8+ Kg7 42. Rd1 Nd3 43. Rb1 Qe3 44. Qe7+ Kg6 45. Qe8+ Kg7 46. Qe7+ Kg6 47. Qe8+ 1/2-1/2

[Event "ESCC-50 2022"]
[Site "Lublin"]
[Date "2022.07.09"]
[Round "5.6"]
[White "Kirszenberg, Marc"]
[Black "Zielinski, Olgierd"]
[Result "1/2-1/2"]
[ECO "D91"]
[WhiteElo "2056"]
[BlackElo "1816"]
[Annotator "NA RC"]
[PlyCount "77"]
[EventDate "2022.07.05"]
[EventType "swiss"]
[EventCountry "POL"]
[SourceTitle "playchess.com"]
[Source "ChessBase"]
[SourceQuality "1"]
[TimeControl "40/5400+30:1800+30"]

1. d4 Nf6 2. c4 g6 3. Nc3 d5 4. Nf3 Bg7 5. Bg5 Ne4 6. Bf4 c5 7. Nxd5 Na6 8. e3 Qa5+ 9. Nc3 Bf5 10. Qb3 Nb4 11. Rc1 Nxc3 12. Qxc3 Qxa2 13. Be2 Qa6 14. Qb3 Qb6 15. O-O O-O 16. Be5 a5 17. dxc5 Qxc5 18. Bd4 Qc7 19. Bxg7 Kxg7 20. c5 e5 21. Qc4 Rfd8 22. g4 Be6 23. Qe4 Na2 24. Ra1 Qxc5 25. Qxe5+ Qxe5 26. Nxe5 Rd2 27. Bc4 Rxb2 28. Bxe6 fxe6 29. Rfd1 Rc8 30. Rd7+ Kg8 31. g5 Rcc2 32. Ng4 a4 33. Rad1 Rc1 34. Nf6+ Kf8 35. Nxh7+ Kg8 36. Nf6+ Kf8 37. Nh7+ Kg8 38. Nf6+ Kf8 39. Nh7+ 1/2-1/2

[Event "ESCC-50 2022"]
[Site "Lublin"]
[Date "2022.07.09"]
[Round "5.7"]
[White "Leszner, Liliana"]
[Black "Pietinen, Pekka"]
[Result "0-1"]
[ECO "C00"]
[WhiteElo "1872"]
[BlackElo "1937"]
[Annotator "NA RC"]
[PlyCount "94"]
[EventDate "2022.07.05"]
[EventType "swiss"]
[EventCountry "POL"]
[SourceTitle "playchess.com"]
[Source "ChessBase"]
[SourceQuality "1"]
[TimeControl "40/5400+30:1800+30"]

1. e4 e6 2. d3 d5 3. Nd2 c5 4. g3 dxe4 5. dxe4 Bd7 6. Ngf3 Nc6 7. c3 Nf6 8. Bg2 Qc7 9. O-O Be7 10. Re1 e5 11. Nc4 Be6 12. Qe2 Bxc4 13. Qxc4 O-O 14. Nh4 Nd7 15. Nf5 Nb6 16. Qe2 Bf6 17. a4 Kh8 18. Ne3 Ne7 19. Ng4 Ng8 20. f4 Nd7 21. Ne3 Qc6 22. Nc4 Rae8 23. f5 Nb6 24. Na5 Qc7 25. Bf1 Rb8 26. Be3 Be7 27. g4 Bh4 28. Red1 Qe7 29. Qb5 Rfc8 30. Nb3 c4 31. Nd2 Bg5 32. Bf2 Bh4 33. Bxb6 axb6 34. Nxc4 Qg5 35. Nxe5 Nh6 36. Qe2 Re8 37. Nc4 Nxg4 38. Qg2 Qf4 39. h3 Ne3 40. Nxe3 Qxe3+ 41. Kh1 Rxe4 42. Rd7 Re7 43. Rad1 h6 44. Rd8+ Rxd8 45. Rxd8+ Kh7 46. Rb8 Qe1 47. Kh2 Qe5+ 0-1

[Event "ESCC-50 2022"]
[Site "Lublin"]
[Date "2022.07.09"]
[Round "5.8"]
[White "Baliuniene, Margarita"]
[Black "Puroila, Sippo"]
[Result "1-0"]
[ECO "A41"]
[WhiteElo "1935"]
[BlackElo "1803"]
[Annotator "NA RC"]
[PlyCount "51"]
[EventDate "2022.07.05"]
[EventType "swiss"]
[EventCountry "POL"]
[SourceTitle "playchess.com"]
[Source "ChessBase"]
[SourceQuality "1"]
[TimeControl "40/5400+30:1800+30"]

1. d4 d6 2. c4 g6 3. g3 Bg7 4. Bg2 c6 5. Nc3 Nd7 6. e4 e5 7. d5 c5 8. Nge2 a6 9. a3 Ne7 10. O-O O-O 11. Be3 f5 12. Qd2 Rb8 13. b4 b5 14. cxb5 axb5 15. bxc5 Nxc5 16. Bxc5 dxc5 17. d6 Be6 18. Rfd1 Nc6 19. exf5 Bb3 20. Bxc6 Bxd1 21. Rxd1 gxf5 22. Qd5+ Kh8 23. Qxc5 f4 24. Ne4 fxg3 25. hxg3 Qa5 26. N2c3 1-0

[Event "ESCC-50 2022"]
[Site "Lublin"]
[Date "2022.07.09"]
[Round "5.9"]
[White "Krzyzanowska-Zadlo, Lidia"]
[Black "Krzyzanowski, Wojciech"]
[Result "1/2-1/2"]
[ECO "B23"]
[WhiteElo "1732"]
[BlackElo "1878"]
[Annotator "NA RC"]
[PlyCount "101"]
[EventDate "2022.07.05"]
[EventType "swiss"]
[EventCountry "POL"]
[SourceTitle "playchess.com"]
[Source "ChessBase"]
[SourceQuality "1"]
[TimeControl "40/5400+30:1800+30"]

1. e4 c5 2. Nc3 Nc6 3. f4 g6 4. Nf3 Bg7 5. Bc4 d6 6. O-O e6 7. d3 Nge7 8. Qe1 O-O 9. Bb3 Na5 10. Be3 b6 11. Nd1 Ba6 12. c4 d5 13. Rc1 dxe4 14. dxe4 Nxb3 15. axb3 Nc6 16. Nc3 Na5 17. Rd1 Qe7 18. Nd2 Rad8 19. Qe2 Rd7 20. e5 f5 21. Nb5 Bxb5 22. cxb5 Rfd8 23. Nc4 Nxb3 24. Nd6 Na5 25. Ra1 Rc7 26. Ra4 Nb7 27. Nc4 Qd7 28. Rxa7 Qxb5 29. Qc2 Bf8 30. Rfa1 Rcd7 31. R1a6 Qb4 32. Qc3 b5 33. Rb6 Qxc4 34. Qxc4 bxc4 35. Rbxb7 Rxb7 36. Rxb7 Rd1+ 37. Kf2 Rb1 38. Bd2 Ra1 39. Bc3 Ra4 40. h3 h6 41. Kg3 Ra1 42. Kf2 Rd1 43. Ra7 Rb1 44. g4 Rd1 45. gxf5 gxf5 46. Ra4 Be7 47. Rxc4 Ra1 48. Bd2 Kf7 49. Be3 Ra2 50. Bxc5 Rxb2+ 51. Kg3 1/2-1/2

[Event "ESCC-50 2022"]
[Site "Lublin"]
[Date "2022.07.09"]
[Round "5.10"]
[White "Chwalewski, Marek"]
[Black "Warnk, Torsten"]
[Result "1-0"]
[ECO "A06"]
[WhiteElo "1774"]
[BlackElo "1763"]
[Annotator "NA RC"]
[PlyCount "148"]
[EventDate "2022.07.05"]
[EventType "swiss"]
[EventCountry "POL"]
[SourceTitle "playchess.com"]
[Source "ChessBase"]
[SourceQuality "1"]
[TimeControl "40/5400+30:1800+30"]

1. Nf3 d5 2. g3 Nf6 3. Bg2 g6 4. c4 c6 5. d4 Bg7 6. cxd5 cxd5 7. Nc3 O-O 8. O-O Nc6 9. Re1 a6 10. Qb3 e6 11. Bg5 Qd6 12. Rad1 Qb4 13. Qc2 Bd7 14. a3 Qb6 15. b4 Rac8 16. Qd3 Na7 17. Ne5 Qd6 18. Nxd7 Qxd7 19. e4 dxe4 20. Nxe4 Nxe4 21. Qxe4 Nb5 22. Qxb7 Qxb7 23. Bxb7 Rc3 24. Re3 Bxd4 25. Red3 e5 26. Bxa6 Nxa3 27. b5 Rb8 28. Rxc3 Bxc3 29. Rd3 Bb4 30. Bf6 Nc4 31. Rb3 Ba5 32. Rb1 Bb6 33. Rc1 Nd2 34. Kg2 Bd4 35. Re1 Nc4 36. f4 Rb6 37. fxe5 Re6 38. Bc8 Rb6 39. Bd7 Ne3+ 40. Kf3 Nd5 41. Bd8 Rb8 42. Bg5 Nc7 43. Ke4 Bc3 44. Rb1 Ba5 45. Be3 Na8 46. Ra1 Bd8 47. Ba7 Rb7 48. Bc6 Rxa7 49. Rxa7 Nb6 50. Bd5 h5 51. Bxf7+ Kg7 52. Bd5+ Kh6 53. e6 Nc8 54. Rd7 Bf6 55. Bb3 Kg5 56. Bd1 h4 57. Rd2 hxg3 58. hxg3 Be7 59. Kd5 Bb4 60. Rb2 Ba5 61. Kc6 Kf5 62. Re2 Kf6 63. Bb3 Ke7 64. Rf2 Na7+ 65. Kc5 Nc8 66. Rf7+ Ke8 67. Rh7 Kd8 68. Rg7 Ne7 69. b6 Bd2 70. b7 Be3+ 71. Kb5 Ba7 72. Rh7 Bb8 73. Kb6 Bd6 74. Rh8+ Ng8 1-0

[Event "ESCC-50 2022"]
[Site "Lublin"]
[Date "2022.07.10"]
[Round "6.1"]
[White "Klimaszewski, Dariusz"]
[Black "Mrva, Martin"]
[Result "0-1"]
[ECO "C44"]
[WhiteElo "2152"]
[BlackElo "2385"]
[Annotator "RC"]
[PlyCount "120"]
[EventDate "2022.07.05"]
[EventType "swiss"]
[EventCountry "POL"]
[SourceTitle "playchess.com"]
[Source "ChessBase"]
[SourceQuality "1"]
[TimeControl "40/5400+30:1800+30"]

1. e4 e5 2. Nf3 Nc6 3. d4 exd4 4. Nxd4 Nf6 5. Nc3 Bb4 6. Nxc6 bxc6 7. Bd3 d5 8. exd5 O-O 9. O-O Bg4 10. f3 Bh5 11. Bg5 cxd5 12. Bb5 c6 13. Bd3 Qd6 14. Kh1 Qe5 15. Bd2 Rae8 16. Qe1 Qd4 17. Qf2 Qxf2 18. Rxf2 Bg6 19. Na4 Bd6 20. g3 Nd7 21. Bxg6 fxg6 22. Rd1 Re6 23. Kg2 Nc5 24. Nc3 Rfe8 25. Bc1 Nd7 26. Na4 Nb6 27. Nxb6 axb6 28. Kf1 Bc5 29. Rg2 h6 30. Bd2 g5 31. f4 g4 32. Re1 Kf7 33. Rxe6 Rxe6 34. Re2 h5 35. Rxe6 Kxe6 36. Ke2 Kf5 37. Be3 d4 38. b4 Bxb4 39. Bxd4 b5 40. Kd3 g6 41. c4 h4 42. cxb5 cxb5 43. Bf2 h3 44. Kd4 Bd2 45. Kd5 Bc3 46. Be3 Be1 47. Bg1 Ba5 48. Bf2 Bd2 49. Bd4 Bxf4 50. Bf2 Bd2 51. Kd4 Ke6 52. Kd3 Bg5 53. Ke4 Kd6 54. Ba7 Kc6 55. Ke5 b4 56. Ke6 Bd8 57. Bf2 Bb6 58. Be1 Bd4 59. Kf7 Kd5 60. Kxg6 Ke4 0-1

[Event "ESCC-50 2022"]
[Site "Lublin"]
[Date "2022.07.10"]
[Round "6.2"]
[White "Garabetyan, Arno"]
[Black "Tereladze, Sopiko"]
[Result "1-0"]
[ECO "E11"]
[WhiteElo "2056"]
[BlackElo "2141"]
[Annotator "RC"]
[PlyCount "39"]
[EventDate "2022.07.05"]
[EventType "swiss"]
[EventCountry "POL"]
[SourceTitle "playchess.com"]
[Source "ChessBase"]
[SourceQuality "1"]
[TimeControl "40/5400+30:1800+30"]

1. d4 Nf6 2. c4 e6 3. Nf3 Bb4+ 4. Nbd2 O-O 5. a3 Bxd2+ 6. Bxd2 Ne4 7. g3 Nxd2 8. Qxd2 d6 9. Bg2 Qe7 10. O-O Nd7 11. Rfd1 Rb8 12. Qa5 Nf6 13. Qxa7 Bd7 14. Qa5 b5 15. c5 dxc5 16. Qxc7 Rfc8 17. Qe5 c4 18. d5 Qc5 19. dxe6 Bxe6 20. Rd8+ 1-0

[Event "ESCC-50 2022"]
[Site "Lublin"]
[Date "2022.07.10"]
[Round "6.3"]
[White "Druckenthaner, Andreas"]
[Black "Baliuniene, Margarita"]
[Result "1-0"]
[ECO "B00"]
[WhiteElo "2272"]
[BlackElo "1935"]
[Annotator "RC"]
[PlyCount "85"]
[EventDate "2022.07.05"]
[EventType "swiss"]
[EventCountry "POL"]
[SourceTitle "playchess.com"]
[Source "ChessBase"]
[SourceQuality "1"]
[TimeControl "40/5400+30:1800+30"]

1. e4 b6 2. d4 e6 3. Nf3 Bb7 4. Bd3 Ne7 5. Nc3 g6 6. Be3 Bg7 7. Qd2 h6 8. O-O d6 9. d5 e5 10. a4 Nd7 11. a5 g5 12. h4 f6 13. Ne2 O-O 14. Ng3 Qe8 15. c4 Ng6 16. Nf5 Nf4 17. Bc2 Qh5 18. Bd1 Qf7 19. b4 bxa5 20. Rxa5 Nb6 21. Qc2 Bc8 22. Ng3 g4 23. Nd2 f5 24. Nxf5 Bxf5 25. exf5 h5 26. g3 Nh3+ 27. Kh2 Qxf5 28. Qxf5 Rxf5 29. Bc2 Rf6 30. Bd3 Raf8 31. Ne4 R6f7 32. Rxa7 Nc8 33. Ra8 Bf6 34. f3 Be7 35. Bh6 Re8 36. fxg4 hxg4 37. Rxf7 Kxf7 38. Be2 Rg8 39. Be3 Nf4 40. gxf4 Bxh4 41. f5 g3+ 42. Kg2 Ne7 43. Bh5+ 1-0

[Event "ESCC-50 2022"]
[Site "Lublin"]
[Date "2022.07.10"]
[Round "6.4"]
[White "Pietinen, Pekka"]
[Black "Lasinskas, Povilas"]
[Result "0-1"]
[ECO "C44"]
[WhiteElo "1937"]
[BlackElo "2096"]
[Annotator "NA RC"]
[PlyCount "64"]
[EventDate "2022.07.05"]
[EventType "swiss"]
[EventCountry "POL"]
[SourceTitle "playchess.com"]
[Source "ChessBase"]
[SourceQuality "1"]
[TimeControl "40/5400+30:1800+30"]

1. e4 e5 2. Nf3 Nc6 3. c3 d5 4. Qa4 Qd6 5. Bb5 Bd7 6. exd5 Qxd5 7. O-O O-O-O 8. Qc4 Qd6 9. d4 exd4 10. cxd4 Be6 11. Qc5 Nxd4 12. Qxa7 Nxb5 13. Qa8+ Kd7 14. Qxb7 Qb6 15. Qe4 Nf6 16. Qa4 Bd6 17. Be3 Qb7 18. Nd4 c6 19. Nxe6 fxe6 20. Nd2 Ke7 21. Rfe1 Kf7 22. Nf3 h6 23. Qc4 Nc7 24. Qc2 Ncd5 25. Bd4 Rhe8 26. Rac1 c5 27. Be5 Bxe5 28. Nxe5+ Kg8 29. b3 $19 Nb4 30. Qg6 Nxa2 31. Rxc5 Qb4 32. Rc7 Qxe1# 0-1

[Event "ESCC-50 2022"]
[Site "Lublin"]
[Date "2022.07.10"]
[Round "6.5"]
[White "Kirszenberg, Marc"]
[Black "Lilja, Richard"]
[Result "0-1"]
[ECO "A40"]
[WhiteElo "2056"]
[BlackElo "2131"]
[Annotator "RC"]
[PlyCount "38"]
[EventDate "2022.07.05"]
[EventType "swiss"]
[EventCountry "POL"]
[SourceTitle "playchess.com"]
[Source "ChessBase"]
[SourceQuality "1"]
[TimeControl "40/5400+30:1800+30"]

1. d4 b6 2. Nf3 Bb7 3. Bf4 e6 4. e3 f5 5. Be2 Nf6 6. h3 Bd6 7. Bxd6 cxd6 8. O-O O-O 9. Nbd2 Ne4 10. Nxe4 fxe4 11. Nd2 Qg5 12. Bc4 d5 13. Be2 Nc6 14. c3 Rf6 15. Kh1 Ne7 16. Qe1 Nf5 17. Bg4 Ba6 18. Rg1 Raf8 19. f4 Qxg4 0-1

[Event "ESCC-50 2022"]
[Site "Lublin"]
[Date "2022.07.10"]
[Round "6.6"]
[White "Padrak, Rafal"]
[Black "Chwalewski, Marek"]
[Result "1-0"]
[ECO "D31"]
[WhiteElo "2125"]
[BlackElo "1774"]
[Annotator "NA RC"]
[PlyCount "112"]
[EventDate "2022.07.05"]
[EventType "swiss"]
[EventCountry "POL"]
[SourceTitle "playchess.com"]
[Source "ChessBase"]
[SourceQuality "1"]
[TimeControl "40/5400+30:1800+30"]

1. d4 d5 2. c4 e6 3. Nc3 c6 4. Nf3 Bb4 5. Qb3 Qa5 6. e3 Nf6 7. Nd2 Nbd7 8. Be2 h5 9. O-O Bxc3 (9... O-O $14) 10. bxc3 e5 11. cxd5 Nxd5 12. e4 Nf4 13. Bc4 O-O {[%emt 0:02:27] [#]} 14. Nf3 $1 Qc7 $18 15. a4 exd4 16. cxd4 Nb6 17. Ne5 Nxc4 18. Bxf4 Nxe5 19. Bxe5 Qe7 20. Qg3 g6 21. Bd6 Qxe4 22. Bxf8 Kxf8 23. Rfe1 Qd5 24. Qa3+ Kg7 25. Re5 Qd8 26. Qb2 Qf6 27. Re8 b6 28. a5 b5 29. Qb4 Kh6 30. Qf8+ Qg7 31. Qxg7+ Kxg7 32. a6 b4 33. Rb1 Rb8 34. f3 b3 35. Kf2 f5 36. Ke3 Kf7 37. Rh8 g5 38. f4 gxf4+ 39. Kxf4 Ke6 40. Rd8 b2 41. h4 c5 42. dxc5 Ke7 43. Rd2 Rb4+ 44. Kg5 Rg4+ 45. Kh6 Be6 46. Rbxb2 Kf6 47. Rb7 f4 48. Rxa7 Rg6+ 49. Kh7 Bg8+ 50. Kh8 Be6 51. Rd6 Rxg2 52. Ra8 Kf7 53. Rb8 Rg6 54. Rb7+ Kf6 55. Rxe6+ Kxe6 56. a7 Kd5 1-0

[Event "ESCC-50 2022"]
[Site "Lublin"]
[Date "2022.07.10"]
[Round "6.8"]
[White "Zielinski, Olgierd"]
[Black "Krzyzanowska-Zadlo, Lidia"]
[Result "1-0"]
[ECO "B40"]
[WhiteElo "1816"]
[BlackElo "1732"]
[Annotator "NA COMBH"]
[PlyCount "61"]
[EventDate "2022.07.05"]
[EventType "swiss"]
[EventCountry "POL"]
[SourceTitle "playchess.com"]
[Source "ChessBase"]
[SourceQuality "1"]
[TimeControl "40/5400+30:1800+30"]

1. e4 c5 2. Nf3 e6 3. d4 cxd4 4. Nxd4 Nf6 5. Nc3 Bb4 6. Bd3 Nc6 7. Nxc6 bxc6 8. O-O d5 9. e5 Nd7 10. Qg4 Bf8 11. Qg3 Qc7 12. f4 g6 13. Kh1 Nc5 14. Nd1 a5 15. b3 a4 16. Bb2 axb3 17. axb3 Rxa1 18. Bxa1 Nxd3 19. Qxd3 Qa7 20. Ne3 Ba6 21. c4 Bc5 22. Ng4 dxc4 23. bxc4 Ke7 24. Rd1 Qc7 25. Bd4 Bxd4 26. Qxd4 c5 27. Qd6+ Qxd6 28. exd6+ Kd7 29. Ne5+ Kc8 30. d7+ Kc7 31. Nxf7 1-0

[Event "ESCC-50 2022"]
[Site "Lublin"]
[Date "2022.07.10"]
[Round "6.9"]
[White "Puroila, Sippo"]
[Black "Krzyzanowski, Wojciech"]
[Result "1-0"]
[ECO "A16"]
[WhiteElo "1803"]
[BlackElo "1878"]
[Annotator "NA RC"]
[PlyCount "61"]
[EventDate "2022.07.05"]
[EventType "swiss"]
[EventCountry "POL"]
[SourceTitle "playchess.com"]
[Source "ChessBase"]
[SourceQuality "1"]
[TimeControl "40/5400+30:1800+30"]

1. c4 Nf6 2. Nc3 e5 3. e4 Nc6 4. g3 Bc5 5. Bg2 d6 6. h3 O-O 7. Nge2 a6 8. O-O Be6 9. d3 h6 10. Kh2 Nh7 11. f4 f5 12. b3 Rb8 13. Rb1 Qd7 14. Bb2 Nd4 15. Na4 Ba7 16. Bxd4 exd4 17. Qd2 c5 18. Nb2 Bb6 19. Rbe1 h5 20. Ng1 Rbe8 21. Qd1 Ba5 22. Re2 g6 23. Nf3 Bd8 24. Qd2 Qg7 25. Rfe1 fxe4 26. dxe4 Qh6 27. Nd3 b5 28. e5 bxc4 29. exd6 cxd3 30. Rxe6 Rxe6 31. Rxe6 1-0

[Event "ESCC-50 2022"]
[Site "Lublin"]
[Date "2022.07.10"]
[Round "6.10"]
[White "Chlewinski, Artur"]
[Black "Leszner, Liliana"]
[Result "0-1"]
[ECO "B06"]
[WhiteElo "1417"]
[BlackElo "1872"]
[Annotator "NA COMBH"]
[PlyCount "76"]
[EventDate "2022.07.05"]
[EventType "swiss"]
[EventCountry "POL"]
[SourceTitle "playchess.com"]
[Source "ChessBase"]
[SourceQuality "1"]
[TimeControl "40/5400+30:1800+30"]

1. e4 g6 2. d4 Bg7 3. Be3 c6 4. c3 d6 5. Qd2 Nf6 6. f3 h5 7. Bd3 Nbd7 8. Ne2 e5 9. O-O h4 10. a4 Nf8 11. c4 Ne6 12. Nbc3 Nh5 13. f4 exf4 14. Nxf4 Nhxf4 15. Bxf4 Bxd4+ 16. Kh1 Nxf4 17. Qxf4 Be6 18. a5 Be5 19. Qd2 Kf8 20. Be2 Kg7 21. b4 Qd7 22. Rad1 Qe7 23. b5 Rac8 24. bxc6 bxc6 25. Rb1 Rb8 26. Na2 Rhd8 27. Rb4 c5 28. Rbb1 Qc7 29. Bd3 Bd4 30. Rb5 a6 31. Rb6 Rxb6 32. axb6 Qxb6 33. Rb1 Qc7 34. Nc1 Rb8 35. Nb3 Be5 36. Qc1 Qe7 37. Qa3 Qg5 38. Kg1 Qe3+ 0-1